 Dungeon Crawl Stone Soup version 0.22-a0-322-g60b3cfd (webtiles) character file.

340 galech the Ruffian (level 6, -13/62 HPs)
             Began as a Troll Monk on Apr 5, 2018.
             Mangled by a gnoll
             ... wielding a +0 halberd of venom
              (17 damage)
             ... on level 4 of the Dungeon.
             The game lasted 00:02:55 (2322 turns).

galech the Ruffian (Troll Monk)                     Turns: 2322, Time: 00:02:55

Health: -13/62     AC:  6    Str: 22    XL:     6   Next: 30%
Magic:  5/5        EV: 11    Int: 10    God:
Gold:   180        SH:  0    Dex: 12    Spells: 5/5 levels left

rFire    . . .     SeeInvis .     - Unarmed
rCold    . . .     Gourm    +   (no shield)
rNeg     . . .     Faith    .   a - +0 robe
rPois    .         Spirit   .   l - +1 hat {MR+}
rElec    .         Reflect  .   (no cloak)
rCorr    .         Harm     .   (gloves unavailable)
MR       +....                  (boots unavailable)
Stlth    ++........             (no amulet)
HPRegen  0.60/turn              d - ring of wizardry
MPRegen  0.09/turn              m - +4 ring of intelligence

@: lethally poisoned (-13 -> -13)
A: large, unfitting armour, claws 3, fast metabolism 3, gourmand, regeneration
1, shaggy fur 1, tough skin 2
a: no special abilities


You were on level 4 of the Dungeon.
You were full.

You visited 1 branch of the dungeon, and saw 4 of its levels.

You collected 180 gold pieces.

Inventory:

Armour
 a - a +0 robe (worn)
 l - a +1 hat of magic resistance (worn)
Jewellery
 d - a ring of wizardry (left claw)
 i - an uncursed ring of stealth {unknown}
 m - a +4 ring of intelligence (right claw)
 q - an uncursed ring of wizardry
Scrolls
 c - 2 scrolls of teleportation {unknown}
 e - 5 scrolls of identify {unknown}
 f - 2 scrolls of amnesia {unknown}
 n - a scroll of enchant armour {unknown}
 o - 2 scrolls of remove curse {unknown}
 r - a scroll of immolation {unknown}
 s - a scroll of noise {unknown}
Potions
 g - a potion of might {unknown}
 h - a potion of lignification {unknown}
 j - 3 potions of curing {unknown}
 k - 2 potions of flight {unknown}
 p - a potion of mutation {unknown}
Comestibles
 b - 9 rations


   Skills:
 + Level 3.7 Fighting
 + Level 3.9 Dodging
 - Level 1.1 Stealth
 + Level 4.8 Unarmed Combat


You had 5 spell levels left.
You didn't know any spells.

Dungeon Overview and Level Annotations

Branches:
Dungeon (4/15)
 Temple: D:4-7

Altars:
Cheibriados
Uskayaw
Yredelemnul


Innate Abilities, Weirdness & Mutations

You are too large for most types of armour.
You have claws for hands.
Your metabolism is lightning-fast.
You like to eat raw meat.
Your natural rate of healing is unusually fast.
You are covered in fur. (AC +1)
You have very tough skin. (AC +2)


Message History

The orc hits you with a flail.
* * * LOW HITPOINT WARNING * * *
The gnoll barely misses you.
You scratch the orc.
The orc is almost dead.
The orc completely misses you.
You scratch the orc but do no damage.
The orc is almost dead.
You feel sick. The gnoll misses you.
You claw the orc!
You kill the orc!
You feel sick. The gnoll barely misses you.
You feel sick. The gnoll closely misses you.
Things that are here:
a flail; 22 stones; a ring mail You claw the gnoll!
The gnoll is severely wounded.
The orc priest miscasts a cantrip.
The gnoll hits you with a halberd of venom!
You die...

#......#
#!.....#
#..))..#
#......#
#......#
###)####
#(# #)# #@#
#g# #o# ...
.....
.......
.........
#..##......
##.
#...####


You could see an orc priest and a gnoll.

Vanquished Creatures
  A phantom (D:4)
  A howler monkey (D:4)
  A hound (D:4)
  An orc wizard (D:4)
  A centaur skeleton (D:4)
  The ghost of 4thArraOfDagon the Conjurer, a weakling HOCj (D:4)
  2 gnolls (D:4)
  3 adders
  3 worms
  2 dart slugs (D:1)
  A leopard gecko (D:4)
  3 orcs (D:4)
  9 bats
  3 giant cockroaches
  5 goblins
  7 hobgoblins
  6 jackals (D:2)
  A ball python skeleton (D:4)
  3 frilled lizards
  4 kobolds
  3 rats
61 creatures vanquished.

Notes
Turn   | Place    | Note
-------+----------+-------------------------------------------
     0 | D:1      | galech the Troll Monk began the quest for the Orb.
     0 | D:1      | Reached XP level 1. HP: 22/22 MP: 0/0
   118 | D:1      | Reached XP level 2. HP: 29/29 MP: 1/1
   610 | D:2      | Reached XP level 3. HP: 36/36 MP: 2/2
  1202 | D:3      | Reached XP level 4. HP: 44/44 MP: 3/3
  1690 | D:3      | Found a hide-covered altar of Uskayaw.
  1693 | D:3      | Found a snail-covered altar of Cheibriados.
  1696 | D:3      | Found a basalt altar of Yredelemnul.
  2059 | D:4      | Noticed a phantom
  2062 | D:4      | Reached skill level 4 in Unarmed Combat
  2077 | D:4      | Reached XP level 5. HP: 49/53 MP: 4/4
  2091 | D:4      | Killed a phantom
  2234 | D:4      | Noticed 4thArraOfDagon's ghost (weakling HOCj)
  2241 | D:4      | Killed 4thArraOfDagon's ghost
  2241 | D:4      | Reached XP level 6. HP: 56/61 MP: 5/5
  2322 | D:4      | Mangled by a gnoll

Vault maps used:
D:1:      nicolae_arrival_washed_ashore
D:3:      grunt_temple_overflow_diamond, kennysheep_generic_room_12

Skill      XL: |  1  2  3  4 |
---------------+-------------+-----
Dodging        | 3 |  3.9
Fighting       | 3 |  3.7
Unarmed Combat | 4 |  4.8
Stealth        | |  1.1

Action                   |  1- 3 |  4- 6 || total
-------------------------+-------+-------++-------
Melee: Unarmed           |    88 |    91 ||   179
 Stab: Sleeping          |     2 |     1 ||     3
  Eat: Chunk             |    16 |     8 ||    24
Armor: Robe              |    38 |    30 ||    68
Dodge: Dodged            |    64 |    61 ||   125

Table legend:
 A = Spawn XP
 B = Non-spawn XP
 C = Spawn XP percentage of total XP
 D = Spawn monster count
 E = Non-spawn monster count
 F = Spawn count percentage of total count
 G = Total turns spent on level
                    A         B        C        D         E        F      G
               +---------+---------+-------+---------+---------+-------+---------
         Total |       0 |     487 |   0.0 |       0 |      61 |   0.0 |  2322
               +---------+---------+-------+---------+---------+-------+---------
           D:1 |       0 |      22 |   0.0 |       0 |      10 |   0.0 |   471
           D:2 |       0 |      72 |   0.0 |       0 |      25 |   0.0 |   623
           D:3 |       0 |      17 |   0.0 |       0 |      11 |   0.0 |   921
           D:4 |       0 |     376 |   0.0 |       0 |      15 |   0.0 |   307
               +---------+---------+-------+---------+---------+-------+---------
